 Dungeon Crawl Stone Soup version 0.24-a0-412-ge138f7edaf (webtiles) character file.

Game seed: 6276213357780264271

9897 nikopol the Thaumaturge (level 11, -10/55 HPs)
             Began as a Deep Elf Fire Elementalist on June 6, 2019.
             Was an Elder of Vehumet.
             Killed by divine providence
             ... invoked by an orc priest
              (13 damage)
             ... on level 10 of the Dungeon.
             The game lasted 00:33:16 (11218 turns).

nikopol the Thaumaturge (DEFE)                     Turns: 11218, Time: 00:33:17

Health: -10/55     AC: 13    Str:  5    XL:     11   Next: 29%
Magic:  28/45      EV: 14    Int: 24    God:    Vehumet [****..]
Gold:   517        SH:  0    Dex: 15    Spells: 18/37 levels left

rFire    . . .     SeeInvis .   j - staff of power
rCold    . . .     Gourm    +   (no shield)
rNeg     . . .     Faith    .   a - +0 robe
rPois    .         Spirit   .   w - +0 helmet
rElec    .         Reflect  .   B - +1 cloak {+Inv}
rCorr    .         Harm     .   u - +0 pair of gloves
MR       +....                  P - +1 pair of boots {Fly}
Stlth    +++.......             n - amulet of the gourmand
HPRegen  0.18/turn              m - +5 ring of protection
MPRegen  0.29/turn              p - ring of wizardry

@: flying
A: no striking features
a: Renounce Religion, Evoke Invisibility, Stop Flying


You were on level 10 of the Dungeon.
You worshipped Vehumet.
Vehumet was greatly pleased with you.
You were very full.

You visited 2 branches of the dungeon, and saw 11 of its levels.

You collected 517 gold pieces.

Inventory:

Armour
 a - a +0 robe (worn)
 u - a +0 pair of gloves (worn)
 w - a +0 helmet (worn)
 B - a +1 cloak of invisibility (worn)
 P - a +1 pair of boots of flying (worn)
Magical Staves
 j - an uncursed staff of power (weapon)
Jewellery
 m - a +5 ring of protection (left hand)
 n - an amulet of the gourmand (around neck)
 p - a ring of wizardry (right hand)
 F - the ring of the Moon {Ice Int+4}
   (You found it on level 6 of the Dungeon)

   [ring of ice]

   It enhances your ice magic.
   It affects your intelligence (+4).
   It makes you vulnerable to fire.
   It protects you from cold.
 H - an uncursed amulet of harm
 N - an uncursed amulet of faith
Wands
 y - a wand of random effects (17)
 C - a wand of flame (16)
 G - a wand of paralysis (6)
Scrolls
 d - 5 scrolls of enchant armour
 i - 9 scrolls of teleportation
 k - a scroll of amnesia {unknown}
 q - 5 scrolls of remove curse
 x - 2 scrolls of enchant weapon {unknown}
 A - a scroll of blinking {unknown}
 E - 5 scrolls of fear
 J - 3 scrolls of fog {unknown}
 K - 2 scrolls of noise {unknown}
 L - a scroll of vulnerability {unknown}
 M - a scroll of brand weapon {unknown}
Potions
 b - 3 potions of agility {unknown}
 e - a potion of heal wounds {unknown}
 h - 2 potions of magic {unknown}
 l - 2 potions of mutation {unknown}
 r - 7 potions of lignification
 s - 5 potions of curing
 t - a potion of berserk rage {unknown}
 v - 3 potions of flight {unknown}
 z - a potion of ambrosia {unknown}
 O - a potion of might {unknown}
Comestibles
 c - 13 rations
 f - 4 chunks of flesh


   Skills:
 + Level 0.6 Fighting
 + Level 4.0 Dodging
 + Level 5.3 Stealth
 + Level 13.8 Spellcasting
 + Level 10.6 Conjurations
 + Level 10.5 Fire Magic


You had 18 spell levels left.
You knew the following spells:

 Your Spells              Type           Power        Failure   Level  Hunger
a - Flame Tongue          Conj/Fire      #####        1%          1    None
b - Throw Flame           Conj/Fire      ######       1%          2    None
c - Conjure Flame         Conj/Fire      ######..     1%          3    None
d - Sticky Flame          Conj/Fire      ######..     1%          4    None
e - Fireball              Conj/Fire      ######....   1%          5    ###....
f - Throw Icicle          Conj/Ice       #####...     1%          4    None

Your spell library contained the following spells:

 Spells                   Type           Power        Failure   Level  Hunger
 Olgreb's Toxic Radiance  Pois           ###.....     4%          4    None
 Freeze                   Ice            ###.         1%          1    None
 Throw Frost              Conj/Ice       #####.       1%          2    None
 Inner Flame              Hex/Fire       #####...     1%          3    None
 Ozocubu's Armour         Chrm/Ice       ###.....     4%          3    None
 Summon Ice Beast         Ice/Summ       ###.....     14%         4    None


Dungeon Overview and Level Annotations

Branches:
Dungeon (10/15)            Temple (1/1) D:5
   Lair: D:8-11         Orc: D:9-12

Altars:
Ashenzari
Cheibriados
Dithmenos
Elyvilon
Fedhas
Gozag
Hepliaklqana
Kikubaaqudgha
Makhleb
Nemelex Xobeh
Okawaru
Qazlal
Ru
Sif Muna
Trog
Uskayaw
Vehumet
Wu Jian
Xom
Yredelemnul
Zin
The Shining One


Message History

You kill the orc priest!
Vehumet accepts your kill.
An orc priest comes into view. It is wielding a +0 flail.
The orc warrior hits you with a +0 battleaxe!
* * * LOW HITPOINT WARNING * * *
Casting: Fireball (safe; 1% risk of failure)
Confirm with . or Enter, or press ? or * to list all spells.
Aiming: Sticky Flame (safe; 1% risk of failure)
Press: ? - help, Shift-Dir - straight line, f - orc warrior
Aim: an orc warrior, wielding a +0 battleaxe and wearing a +0 plate armour (severely wounded)
The sticky flame hits the orc warrior.
The orc warrior is almost dead.
The orc warrior is covered in liquid flames!
The orc warrior burns!
You kill the orc warrior!
Vehumet accepts your kill.
You feel your power returning.
The orc priest mumbles some strange prayers to Beogh against you.
Beogh smites you!
You die...

#.........# ##### #####'###.o.#
### ## ....# #......##)).######..
.# ##..# #......#))..#....#.# .#
#..# #......#....#....#.# .#
##..# #......#....#....+.# .#
....# #......#)...##...#.## .#
)########.....##....##......##.#
.#......'.....#.@...##......[..#
.#......#.....#.....#)..♣..♣...#
.#......#.....'.....)..........#
.#......#.##..#....)..♣......♣...
.#......#.##..#..................
.#......#.##..#..................
.#......#.##..#.......♣......♣...
.#...####.....#####............##
##...#.....#### ###...♣..♣.....


You could see an orc priest.

Vanquished Creatures
  A hydra (D:9)
  An ogre mage (D:9)
  A two-headed ogre (D:8)
  A gargoyle (D:9)
  Prince Ribbit (D:5)
  2 hippogriffs
  2 wyverns
  Eustachio (D:4)
  2 hungry ghosts
  A warg (D:10)
  A water moccasin (D:9)
  3 sky beasts (D:9)
  8 orc warriors
  3 ice beasts
  A black bear (D:7)
  3 phantoms
  6 ogres
  6 centaurs
  A crocodile (D:9)
  A big kobold (D:9)
  12 bullfrogs
  2 scorpions
  2 wyvern skeletons
  5 howler monkeys
  4 wights (D:8)
  4 crimson imps
  A bullfrog zombie (D:6)
  3 jellies
  10 orc priests
  Crazy Yiuf (D:5)
  2 bullfrog skeletons
  5 hounds
  2 centaur skeletons
  Terence (D:3)
  6 iguanas
  13 orc wizards
  3 worker ants (D:5)
  A hound zombie (D:5)
  A hound skeleton (D:9)
  A howler monkey zombie (D:9)
  A worker ant zombie (D:6)
  A howler monkey skeleton (D:4)
  14 adders
  A shadow imp (D:5)
  An adder skeleton (D:4)
  An adder zombie (D:7)
  A worm (D:5)
  A dart slug (D:4)
  6 leopard geckos
  40 orcs
  7 bats
  9 giant cockroaches
  9 hobgoblins
  15 jackals
  9 kobolds
  5 quokkas
  2 ball pythons
  3 frilled lizards
  A giant cockroach zombie (D:5)
  6 goblins
  A quokka skeleton (D:8)
  4 rats
263 creatures vanquished.

Notes
Turn   | Place    | Note
-------+----------+-------------------------------------------
     0 | D:1      | nikopol the Deep Elf Fire Elementalist began the quest for
                  | the Orb.
     0 | D:1      | Reached XP level 1. HP: 10/10 MP: 6/6
    78 | D:1      | Reached XP level 2. HP: 15/15 MP: 5/8
   595 | D:2      | Reached XP level 3. HP: 19/19 MP: 7/10
   879 | D:2      | Learned a level 2 spell: Throw Flame
   883 | D:2      | Learned a level 3 spell: Conjure Flame
  1171 | D:2      | Reached XP level 4. HP: 24/24 MP: 3/11
  1429 | D:3      | Noticed Terence
  1730 | D:3      | Killed Terence
  2123 | D:4      | Reached skill level 4 in Spellcasting
  2186 | D:4      | Reached XP level 5. HP: 28/28 MP: 4/13
  2612 | D:4      | Noticed a centaur
  2622 | D:4      | Learned a level 4 spell: Sticky Flame
  2915 | D:4      | Killed a centaur
  2915 | D:4      | Reached skill level 5 in Spellcasting
  2915 | D:4      | Reached XP level 6. HP: 31/32 MP: 7/15
  2922 | D:4      | Learned a level 5 spell: Fireball
  3139 | D:4      | Reached skill level 5 in Fire Magic
  3282 | D:4      | Noticed Eustachio
  3305 | D:4      | Killed Eustachio
  3305 | D:4      | Reached skill level 6 in Spellcasting
  3305 | D:4      | Reached XP level 7. HP: 35/36 MP: 8/18
  3362 | D:4      | Reached skill level 5 in Conjurations
  3599 | D:5      | Entered Level 5 of the Dungeon
  3833 | D:5      | Reached skill level 7 in Spellcasting
  3903 | D:5      | Reached XP level 8. HP: 41/41 MP: 12/20
  4181 | D:5      | Found a staircase to the Ecumenical Temple.
  4276 | Temple   | Entered the Ecumenical Temple
  4318 | Temple   | Became a worshipper of Vehumet
  4635 | D:5      | Reached skill level 8 in Spellcasting
  4919 | D:5      | Reached skill level 9 in Spellcasting
  5047 | D:5      | Found a runed translucent door.
  5048 | D:5      | Noticed Crazy Yiuf
  5057 | D:5      | Killed Crazy Yiuf
  5152 | D:5      | Noticed Prince Ribbit
  5160 | D:5      | Killed Prince Ribbit
  5251 | D:6      | Reached XP level 9. HP: 46/46 MP: 15/24
  5542 | D:6      | Reached skill level 10 in Spellcasting
  5736 | D:6      | Got a glittering granite ring
  6299 | D:7      | Reached * piety under Vehumet
  6299 | D:7      | Offered knowledge of Sting by Vehumet.
  6728 | D:7      | Learned a level 4 spell: Throw Icicle
  6772 | D:7      | Reached skill level 5 in Stealth
  6947 | D:7      | Reached skill level 11 in Spellcasting
  6953 | D:7      | Offered knowledge of Sandblast by Vehumet.
  7614 | D:7      | Reached ** piety under Vehumet
  7945 | D:8      | Reached XP level 10. HP: 51/51 MP: 16/27
  8153 | D:8      | Noticed a two-headed ogre
  8173 | D:8      | Killed a two-headed ogre
  8173 | D:8      | Reached skill level 12 in Spellcasting
  8668 | D:8      | Offered knowledge of Stone Arrow by Vehumet.
  9002 | D:8      | Found a bloodstained altar of Trog.
  9338 | D:9      | Reached *** piety under Vehumet
  9727 | D:9      | Noticed an ogre mage
  9730 | D:9      | Killed an ogre mage
  9836 | D:9      | Reached skill level 10 in Conjurations
  9983 | D:9      | Noticed a gargoyle
  9988 | D:9      | Noticed a six-headed hydra
  9989 | D:9      | Killed a gargoyle
  9989 | D:9      | Reached skill level 13 in Spellcasting
  9989 | D:9      | Reached skill level 10 in Fire Magic
 10165 | D:8      | Offered knowledge of Olgreb's Toxic Radiance by Vehumet.
 10370 | D:9      | Killed a six-headed hydra
 10370 | D:9      | Reached XP level 11. HP: 55/55 MP: 12/30
 10695 | D:9      | Identified the ring of the Moon {Ice Int+4} (You found it
                  | on level 6 of the Dungeon)
 10856 | D:10     | Entered Level 10 of the Dungeon
 11215 | D:10     | Reached **** piety under Vehumet
 11218 | D:10     | Killed from afar by an orc priest

Levels and vault maps discovered:
D:1:      dpeg_arrival_fog, layout_basic
D:2:      layout_rooms
D:3:      layout_loops_ring, first_ration, uniq_terence
D:4:      layout_rooms, uniq_eustachio
D:5:      layout_loops_corners, minmay_temple_entry_junction,
          uniq_crazy_yiuf_cottage, uniq_prince_ribbit1
D:6:      wad_pebble_path, layout_loops_ring
D:7:      layout_basic
D:8:      layout_loops_corners, lightli_temple_of_fire
D:9:      minmay_the_grid_square_5x5_3x3 [minmay_the_grid_square_5x5_six_small,
          minmay_the_grid_square_5x5_longway,
          minmay_the_grid_square_5x5_inner_i,
          minmay_the_grid_square_5x5_dogpile,
          minmay_the_grid_square_5x5_megaprize_diamond,
          minmay_the_grid_square_5x5_six, minmay_the_grid_square_5x5_corner,
          minmay_the_grid_square_5x5_intrusive_squares,
          minmay_the_grid_square_5x5_n_small], layout_rooms
D:10:     layout_stronghold, erik_lair_orcish_takeover, minmay_misc_feat_plants
Temple:   kilobyte_greek_temple

Skill      XL: |  1  2  3  4  5  6  7  8  9 10 |
---------------+-------------------------------+-----
Fire Magic     | 4 5 6 8 10 | 10.5
Conjurations   | 2 4 5 7 8 10 | 10.6
Stealth        | 3 4 5 |  5.3
Spellcasting   | 4 5 6 7 9 11 13 | 13.8
Dodging        | 3 4 |  4.0
Fighting       | |  0.6

Action                   |  1- 3 |  4- 6 |  7- 9 | 10-12 || total
-------------------------+-------+-------+-------+-------++-------
Melee: Dagger            |       |     2 |    14 |       ||    16
 Cast: Flame Tongue      |    82 |    63 |   218 |   122 ||   485
       Throw Flame       |       |    10 |    14 |    17 ||    41
       Conjure Flame     |       |     1 |     5 |     1 ||     7
       Sticky Flame      |       |     5 |    24 |    29 ||    58
       Fireball          |       |       |    16 |    39 ||    55
       Throw Icicle      |       |       |       |     5 ||     5
  Use: Scroll            |       |       |     3 |     5 ||     8
  Eat: Chunk             |    12 |     6 |    21 |    13 ||    52
Armor: Robe              |    13 |     8 |    21 |    17 ||    59
Dodge: Dodged            |    16 |    13 |    72 |    39 ||   140

Table legend:
 A = Non-vault XP
 B = Vault XP
 C = Vault XP percentage of total XP
 D = Non-vault monster count
 E = Vault monster count
 F = Vault count percentage of total count
                 A         B        C        D         E       F
            +---------+---------+-------+---------+---------+-------
      Total |    9637 |    4502 |  31.8 |     232 |      31 |  11.8
            +---------+---------+-------+---------+---------+-------
        D:1 |      39 |       0 |   0.0 |      22 |       0 |   0.0
        D:2 |      69 |       0 |   0.0 |      27 |       0 |   0.0
        D:3 |      52 |      38 |  42.2 |      10 |       1 |   9.1
        D:4 |     642 |     188 |  22.7 |      21 |       1 |   4.5
        D:5 |    1431 |     315 |  18.0 |      33 |       2 |   5.7
        D:6 |     629 |       0 |   0.0 |      16 |       0 |   0.0
        D:7 |    1975 |       0 |   0.0 |      42 |       0 |   0.0
        D:8 |    2148 |     160 |   6.9 |      31 |       3 |   8.8
        D:9 |     995 |    3410 |  77.4 |      15 |      18 |  54.5
       D:10 |    1657 |     391 |  19.1 |      15 |       6 |  28.6
            +---------+---------+-------+---------+---------+-------
